[Event "4NCL Div 2 2024-25"]
[Site "England"]
[Date "2025.01.25"]
[Round "3.1"]
[White "Pal, Rohan"]
[Black "Khoury, Theo"]
[Result "0-1"]
[Annotator "TA"]
[ECO "D53"]
[WhiteElo "1970"]
[BlackElo "2194"]
[PlyCount "56"]
[EventDate "2024.11.23"]
[EventType "team-tourn"]
[EventCountry "ENG"]
[SourceTitle "playchess.com"]
[Source "ChessBase"]
[SourceQuality "1"]
[TimeControl "40/6000+30:3000+30"]

1. c4 e6 2. Nf3 d5 3. d4 Nf6 4. Nc3 Be7 5. Bg5 h6 6. Bh4 dxc4 7. e3 {[%emt 0:00:32] D53: Queen's Gambit Declined: 4 Bg5 Be7: Early deviations.} c5 8. Bxc4 cxd4 9. exd4 {[%emt 0:03:23] White is slightly better.} O-O 10. O-O Nc6 11. Re1 {[%emt 0:01:33] The main line 11.Re1 scores better than 11.a3.} a6 12. a3 b5 13. Ba2 (13. Bb3 $5) 13... Bb7 14. Qd2 (14. Qd3 $11) 14... b4 $146 (14... Qb6 15. d5 Rad8 16. Rad1 exd5 17. Bxf6 Bxf6 18. Nxd5 Rxd5 19. Bxd5 Rd8 20. Qf4 Nd4 21. Bxb7 Ne2+ 22. Rxe2 Rxd1+ 23. Ne1 Kf8 24. Qe4 {1-0 Szusterowski,P (1750)-Borowicz,P (2009) Polanica Zdroj op-B 45th 2009 (6)}) 15. axb4 Nxb4 16. Bb3 (16. Ne5 $15) 16... Bxf3 $17 17. gxf3 Rb8 {[%emt 0:01:57] White must now prevent ...Nc6.} 18. Kh1 ({Better is} 18. Bg3 $15) 18... Nc6 $19 {[%emt 0:05:05][%csl LRb3,LRd4] Excellent horsemanship.} 19. Rg1 $2 (19. Bd1 $17 {was worth a try.}) 19... Kh8 $4 {[%emt 0:19:21][%mdl 8192] [#]} (19... Qxd4 20. Qxh6 $17) (19... Rxb3 $19 {and life is good for Black.} 20. Qxh6 Ne8 (20... Rxb2 21. Rxg7#) 21. Bxe7 Nxe7) 20. Rxg7 $1 $18 Kxg7 21. Bxf6+ $4 (21. Rg1+ $18 {was the only winning move.} Kh7 22. Qd3+ (22. Bxf6 Rg8 $16) 22... Ne4 (22... Kh8 23. Bxf6+ Bxf6 24. Bc2 Nxd4 25. Qh7#) 23. Bf6 (23. Qxe4+ f5 $15)) 21... Bxf6 $19 {[%emt 0:00:20] Black is clearly winning.} ({Weaker is} 21... Kxf6 22. Qxh6+ Kf5 23. Bc2#) 22. Rg1+ Bg5 23. Ne4 f6 24. Nc5 Kh8 25. Qc2 Nxd4 26. Qg6 Qe8 27. Rxg5 Qxg6 ({Not} 27... fxg5 28. Qxh6+ Kg8 29. Nxe6 Nxe6 (29... Nxb3 30. Qg7#) 30. Bxe6+ Rf7 31. Qg6+ Kf8 32. Bxf7 $17) 28. Rxg6 Nxb3 {[%emt 0:00:06] Weighted Error Value: White=0.84/Black=0.83  Loses game:     	White=1     	---        Missed win:     	White=1     	Black=1      Mistake:       	White=3     	---        Inaccurate:     	White=4     	Black=3      OK:         	White=4     	Black=6      Best:        	---       	Black=2      Brilliant:      	White=1     	---} 0-1

[Event "4NCL Div 2 2024-25"]
[Site "England"]
[Date "2025.01.25"]
[Round "3.2"]
[White "Hobson, Kenneth"]
[Black "Mason, Donald J"]
[Result "1-0"]
[Annotator "TA"]
[ECO "B32"]
[WhiteElo "2152"]
[BlackElo "2021"]
[PlyCount "63"]
[EventDate "2024.11.23"]
[EventType "team-tourn"]
[EventCountry "ENG"]
[SourceTitle "playchess.com"]
[Source "ChessBase"]
[SourceQuality "1"]
[TimeControl "40/6000+30:3000+30"]

1. e4 c5 2. Nf3 Nc6 3. d4 cxd4 4. Nxd4 e5 5. Nb5 d6 6. N1c3 a6 7. Na3 Be7 {[%emt 0:03:45] Recently 7...Be6 got a lot of attention.} 8. Nd5 {[%emt 0:03:12] B32: Sicilian: Löwenthal and Kalashnikov Variations.} Nf6 9. Be3 Nxd5 (9... Nxe4 $2 10. Bb6 Qd7 11. Bd3 $18 (11. Nc7+ Kf8 $18)) 10. exd5 {[%emt 0:00:16] The position is equal.} Nd4 11. Bxd4 exd4 12. Qxd4 O-O $1 {[%emt 0:01:22] [#] Black sacrificed a pawn} 13. O-O-O Bf6 14. Qb4 b5 15. Bd3 g6 $36 {[%emt 0:15:05][%mdl 2048] Black has good play.} 16. h4 a5 17. Qd2 (17. Qxb5 Bg4 18. c3 Bxd1 19. Rxd1 Rb8 $17 (19... Bxh4 20. g3 $17)) 17... b4 $1 18. Nc4 Ba6 $1 {[%emt 0:00:50][%cal Oa8c8] A strong pair of Bishops.} 19. Ne3 $146 (19. g4 Bxc4 20. Bxc4 Qc8 21. Be2 Re8 22. g5 Bc3 23. Qd3 Qc5 24. Bg4 Re7 25. h5 {0-1 Hernandez Pinzon,H (2002)-Castrillon Gomez,M (2196) Medellin Flores op 24th 2017 (2)}) 19... Bxd3 (19... Bg7 $1 $15 20. Bxa6 Rxa6) 20. Qxd3 a4 21. Nc4 a3 (21... Bg7 $17) 22. b3 $14 Bg7 23. Qf3 Rc8 {[%emt 0:01:50] [#]} ({Black should try} 23... f5 $14) 24. Qf4 $1 $16 Rxc4 25. bxc4 (25. Qxc4 $6 Qf6 26. Rhf1 (26. Qxb4 $2 Bh6+ 27. f4 Bxf4+ $19) 26... Re8 $11) 25... Qa5 {[%emt 0:06:03][%cal Ob4b3] White must now prevent ...b3!.} 26. Rh3 (26. Qxd6 $2 b3 27. Rh3 bxa2 28. Qxa3 a1=Q+ $19 (28... a1=R+ $2 29. Qxa1 Qxa1+ 30. Kd2 $19)) 26... Re8 $2 {[%emt 0:01:14] This costs Black the game.} (26... Be5 $16 27. Qe4 Qc5) 27. Qxd6 $18 Re2 $2 (27... Bh6+ {is a better chance.} 28. Kb1 b3 29. cxb3 (29. Rxb3 $2 {loses.} Qe1 $19) 29... Re2 30. Qb8+ Bf8) 28. Qb8+ {[%emt 0:04:24] White is clearly winning.} Bf8 29. Re3 Rxe3 30. fxe3 Qc5 31. Qf4 {[%emt 0:01:01] d6 is the strong threat.} Bg7 32. d6 {[%emt 0:00:21] Weighted Error Value: White=0.08 (flawless) /Black=0.58  Loses game:     	---       	Black=1      Mistake:       	---       	Black=4      Inaccurate:     	White=2     	Black=1      OK:         	White=6     	Black=8      Best:        	White=2     	Black=1      Strong:       	White=1     	Black=3} 1-0

[Event "4NCL Div 2 2024-25"]
[Site "England"]
[Date "2025.01.25"]
[Round "3.3"]
[White "Talsma, Paul"]
[Black "Pozimski, Szymon"]
[Result "0-1"]
[Annotator "TA"]
[ECO "D27"]
[WhiteElo "2083"]
[BlackElo "2003"]
[PlyCount "113"]
[EventDate "2024.11.23"]
[EventType "team-tourn"]
[EventCountry "ENG"]
[SourceTitle "playchess.com"]
[Source "ChessBase"]
[SourceQuality "1"]
[TimeControl "40/6000+30:3000+30"]

1. d4 d5 2. c4 dxc4 3. e3 c5 4. Bxc4 e6 5. Nf3 Nf6 6. O-O a6 7. dxc5 Qxd1 8. Rxd1 Bxc5 9. Be2 Nc6 {[%emt 0:05:46] D27: Queen's Gambit Accepted: Classical main line: 7 e4!? and 7 a4.} 10. Nbd2 Ke7 11. b3 (11. Ne1 $16) 11... b5 {[%emt 0:30:09] White has an edge.} 12. Bb2 Bb7 13. Rac1 {[%emt 0:04:19] White plays on the queen side and is better} Bd6 14. a4 $146 (14. Ng5 Nb4 15. a3 Nbd5 16. Bf3 Nd7 17. e4 Nf4 18. e5 Bxe5 19. Bxe5 Bxf3 20. Ndxf3 {0-1 Wang,A (2384)-Cervantes Landeiro,T (2311) Wch FIDE Online U18 Girls rapid 2020 (3.2)}) 14... bxa4 15. Nc4 Bb4 16. bxa4 Rhd8 17. Nd4 Na5 (17... Rab8 $14) 18. Nxa5 Bxa5 19. Nb3 Rxd1+ 20. Bxd1 Bd8 21. Nc5 Bd5 {[%emt 0:04:42] [#]} 22. Ba3 (22. Be2 $1 $16) 22... Ke8 $11 23. Be2 Be7 24. Bxa6 (24. Bb2 $14 {deserves consideration.} Bxc5 25. Rxc5) 24... Rxa6 25. Nxa6 Bxa3 {[%emt 0:00:03] This pair of bishops is nice.} 26. Rc3 Bd6 27. Nc7+ Kd7 28. Nxd5 Nxd5 29. Rc1 Be5 30. Kf1 Nc3 31. Ra1 {[%emt 0:02:41][%mdl 1024] White has compensation.} Kc7 (31... Bxh2 $2 32. g3 $18) 32. f4 Bd6 33. Kf2 Kb6 34. Kf3 Ka5 35. e4 Bc5 (35... Nxa4 $2 36. Rd1 Bb4 37. Rd7 $18) 36. g4 f6 37. h4 Bd4 38. g5 Nxa4 39. gxf6 gxf6 (39... Bxa1 $2 40. f7 $18) 40. Ra2 Bb2 41. Kg4 Kb4 42. Kh5 Kb3 43. Rxa4 Kxa4 {[%emt 0:03:00][%mdl 4096] Endgame KB-K3P} 44. Kh6 Bc1 {[%emt 0:01:11] ( -> ...e5)} 45. Kxh7 Bxf4 {[%emt 0:00:04] ( -> ...Kb3). KB-KPP} 46. Kg6 f5 47. exf5 e5 {[%emt 0:09:21] And now ...e4 would win.} (47... exf5 {simplifies} 48. Kxf5 Bh6 49. Ke6 Kb4) 48. f6 {[%emt 0:07:43] Intending f7 and mate.} e4 $1 49. f7 (49. h5 $1 $11 {was the only way to keep the balance.} e3 50. h6 (50. f7 Bd6 $17)) 49... Bd6 $17 {[%emt 0:00:04] ( -> ...e3)} 50. h5 e3 {[%emt 0:01:00] ( -> ...e2)} 51. h6 {[%emt 0:00:05] Threatens to win with h7.} e2 52. h7 $2 {[%emt 0:00:05][%mdl 8192] Loses the game.} (52. f8=Q $17 Bxf8 53. h7) 52... e1=Q {[%emt 0:00:12] Black mates.} (52... e1=R $2 {perishes.} 53. h8=Q (53. h8=R Rg1+ 54. Kf5 Rf1+ 55. Kg6 Rxf7 $11) 53... Rg1+ 54. Kf5 $18) 53. h8=Q {[%emt 0:00:06] [#]} Qe4+ $1 54. Kg5 Bf4+ 55. Kg4 Be5+ 56. Kg5 Qf4+ 57. Kh5 {[%emt 0:01:39] Weighted Error Value: White=0.19 (very precise) /Black=0.08 (flawless)   Loses game:     	White=1     	---        Mistake:       	White=4     	Black=1      Inaccurate:     	White=1     	Black=3      OK:         	White=22    	Black=13     Best:        	White=4     	Black=8      Strong:       	---       	Black=1} 0-1

[Event "4NCL Div 2 2024-25"]
[Site "England"]
[Date "2025.01.25"]
[Round "3.4"]
[White "Manley, Jon P"]
[Black "Patel, Keatan"]
[Result "1/2-1/2"]
[Annotator "TA"]
[ECO "C48"]
[WhiteElo "2072"]
[BlackElo "1973"]
[PlyCount "66"]
[EventDate "2024.11.23"]
[EventType "team-tourn"]
[EventCountry "ENG"]
[SourceTitle "playchess.com"]
[Source "ChessBase"]
[SourceQuality "1"]
[TimeControl "40/6000+30:3000+30"]

1. e4 e5 2. Nf3 Nc6 3. Nc3 Nf6 4. Bb5 Bc5 5. O-O O-O 6. Nxe5 Nxe5 7. d4 Bd6 8. f4 Neg4 9. e5 Bb4 10. h3 {[%emt 0:14:23] [#]} d6 $1 11. exf6 Nxf6 12. f5 d5 13. Bg5 c6 {[%emt 0:00:24][%cal Ob4c3] aiming for ...Bxc3!} 14. Bd3 h6 $36 {[%emt 0:13:52][%mdl 2048] Black has good play.} 15. Bh4 Be7 16. Re1 Re8 17. Qf3 Bd7 18. a3 Qb6 19. Kh1 ({White should try} 19. Rab1 $11) 19... Qxb2 $15 (19... Qxd4 $2 {perishes.} 20. Bf2 $18) 20. Ne2 {[%emt 0:00:45] Reb1 would now be deadly.} Qb6 (20... Bxa3 $2 {loses.} 21. Bxf6 (21. Reb1 Qxa1 22. Rxa1 Be7 $18) 21... Rxe2 22. Bxe2 $18) 21. Bg3 (21. Rab1 $142 Qc7 22. Nf4) 21... Qd8 22. Be5 Nh7 (22... c5 $142 {Threatens to win with ...c4.} 23. c3 Ne4) 23. Qg3 Bf6 (23... Bf8 $17) 24. Nf4 $11 Bxe5 (24... b5 $11) 25. dxe5 $16 Qg5 {[%emt 0:00:23] [#]} 26. Qxg5 (26. Qf2 $1 $16) 26... Nxg5 (26... hxg5 $17 27. Nh5 Rab8) 27. f6 (27. Rad1 $11) 27... gxf6 (27... Ne6 $17 28. g3 Rad8) 28. Nh5 $15 Re7 (28... fxe5 $15 29. Nf6+ Kg7 30. Nxd7 e4) 29. Nxf6+ $11 Kg7 30. h4 {[%emt 0:02:30] [#]} (30. Re3 $11) 30... Ne4 $1 31. Bxe4 {[%emt 0:02:23] The position is equal.} dxe4 32. Rxe4 Bf5 33. Re2 Rd8 {[%emt 0:03:30] Weighted Error Value: White=0.28 (precise) /Black=0.31.  Mistake:       	White=5     	Black=7      OK:         	White=12    	Black=5      Best:        	White=3     	Black=1} 1/2-1/2

[Event "4NCL Div 2 2024-25"]
[Site "England"]
[Date "2025.01.25"]
[Round "3.5"]
[White "Paterson, Andrew I"]
[Black "Murawski, Jan"]
[Result "0-1"]
[Annotator "TA"]
[ECO "A13"]
[WhiteElo "1976"]
[BlackElo "2065"]
[PlyCount "66"]
[EventDate "2024.11.23"]
[EventType "team-tourn"]
[EventCountry "ENG"]
[SourceTitle "playchess.com"]
[Source "ChessBase"]
[SourceQuality "1"]
[TimeControl "40/6000+30:3000+30"]

1. c4 e6 2. g3 Nf6 3. Bg2 d5 4. Nf3 dxc4 5. O-O Nbd7 6. Qa4 a6 7. Qxc4 b5 8. Qc2 Bb7 9. d3 c5 10. a4 Be7 11. Na3 {[%emt 0:19:37] A13: English Opening: 1...e6.} O-O 12. Bd2 Bc6 13. b4 $146 {[%emt 0:18:42] The position is equal.} (13. Rfc1 Qb6 14. Be3 Nd5 15. Bg5 Bxg5 16. Nxg5 Nb4 17. Qd2 Bxg2 18. Kxg2 Rac8 19. axb5 axb5 {½-½ Jones,G (2618)-Bachmann,A (2604) Titled Tuesday intern op 18th Jul Early blitz 2023 (10)}) 13... Rc8 14. axb5 {[%emt 0:06:07] [#]} ({Better is} 14. bxc5 $15 Bxc5 (14... bxa4 15. d4 $16) 15. Qb1) 14... Bxf3 $1 $19 15. Bxf3 cxb4 16. Qa4 bxa3 17. bxa6 Nd5 18. Ba5 Qe8 {[%emt 0:08:31] [#] and ...Ne5 would now be decisive} 19. e4 $2 (19. Bxd5 {was necessary.} exd5 20. Bb4) 19... Ne5 {[%emt 0:05:50] Black is clearly winning.} 20. Bd1 Qxa4 21. Bxa4 {[%emt 0:00:15] A strong pair of Bishops.} Nc3 22. Bb3 Ne2+ 23. Kg2 Nd4 24. Bd1 Ra8 25. Bb6 Ndc6 26. d4 Nd7 27. Bc7 Rxa6 28. d5 exd5 29. exd5 Nb4 30. Be2 Ra7 31. d6 Bf6 32. Bb5 Bxa1 33. Rxa1 Nf6 {[%emt 0:00:00] White did not feel at home in the position after the opening.   Weighted Error Value: White=0.59/Black=0.19 (very precise)   Mistake:       	White=2     	---        Inaccurate:     	White=3     	Black=1      OK:         	White=7     	Black=11     Best:        	---       	Black=2      Strong:       	---       	Black=1} 0-1

[Event "4NCL Div 2 2024-25"]
[Site "England"]
[Date "2025.01.25"]
[Round "3.6"]
[White "Hariharan, Shambavi"]
[Black "Vaidyanathan, Adithya"]
[Result "1-0"]
[Annotator "TA"]
[ECO "A37"]
[WhiteElo "1940"]
[BlackElo "1872"]
[PlyCount "105"]
[EventDate "2024.11.23"]
[EventType "team-tourn"]
[EventCountry "ENG"]
[SourceTitle "playchess.com"]
[Source "ChessBase"]
[SourceQuality "1"]
[TimeControl "40/6000+30:3000+30"]

1. Nf3 c5 2. g3 Nc6 3. Bg2 g6 4. O-O Bg7 5. c4 e5 6. Nc3 Nge7 7. d3 O-O 8. e4 d6 9. Be3 f5 {[%emt 0:08:20] A37: Symmetrical English vs ...g6: 4 Bg2 Bg7 5 Nf3.} 10. Qd2 Nd4 11. Bg5 Ne6 {[%emt 0:09:18] The position is equal.} 12. Bh6 (12. exf5 $11 {remains equal.} Nxg5 13. Qxg5) 12... f4 $17 13. Bxg7 Kxg7 14. Nd5 g5 $146 (14... Nc6 15. Bh3 Ned4 16. Bg2 Nxf3+ 17. Bxf3 Bh3 18. Bg2 Bxg2 19. Kxg2 f3+ 20. Kh1 Nd4 {½-½ Vohmann,W (1892)-Wawrinsky,L (1812) Rheinland Pfalz op Seniors 14th 2016 (3)}) 15. Ne1 Nd4 16. Nf3 Nxf3+ 17. Bxf3 g4 18. Bd1 Nxd5 19. cxd5 f3 (19... h5 $15) 20. h3 gxh3 {[%emt 0:00:13][%csl Oh3] Black has a strong passed pawn} 21. Kh2 ({White should play} 21. b4 $15) 21... a5 $1 22. Ba4 h6 23. a3 Rb8 24. Bb5 Qb6 25. Ba4 Qa6 26. b4 (26. Rg1 b5 27. Bc2 (27. Bd1 Bg4 $17) 27... Qa7 $19) 26... b5 {[%emt 0:00:53] aiming for ...axb4.} 27. Bc2 Qb6 28. bxc5 (28. bxa5 Qd8 29. Rab1 Bg4 $15) 28... dxc5 (28... Qxc5 $5 29. Qxa5 Bg4 $15 (29... Qxc2 $2 30. Rac1 $18)) 29. a4 bxa4 (29... b4 $11) 30. Rab1 $18 (30. Rxa4 Bg4 31. Rxa5 Ra8 32. Rxa8 Rxa8 $16) (30. Bxa4 Qb4 31. Ra2 Qxd2 32. Rxd2 Rb4 $11) 30... Qc7 {[%emt 0:00:36] [#]} 31. Rxb8 $1 (31. Bxa4 Rb4 $16) 31... Qxb8 32. Qxa5 (32. Bxa4 Qb4 33. Qc2 h5 $17) (32. Rb1 $1 $18 Qa7 33. Bxa4) 32... Rf7 (32... Qb2 $1 $14) 33. Qxa4 (33. Bxa4 $18 Bg4 34. Qxc5) 33... Qb2 34. Qc4 {[%emt 0:01:36] Wards off Qc3} (34. Qc6 $1 $16 ) 34... Rc7 {[%emt 0:03:15][%mdl 8192] [#] White now steadily converts the win.} (34... Qb4 $11 {and Black stays safe.}) 35. Rb1 $2 ({Only move:} 35. d6 $1 $18 Rf7 36. Qxc5) 35... Qa3 $2 (35... Qd4 $11 36. Qxd4 cxd4) 36. Bb3 {[%emt 0:00:34] d6 is the strong threat.} Ba6 (36... Qb4 $142 37. d6 Qxc4 38. Bxc4 Ra7) 37. Qc3 Qb4 38. Qxe5+ {[%emt 0:00:17] White mates.} Kg6 39. Qxc7 Qd2 40. Qxc5 Bxd3 41. Rd1 Qe2 42. d6 Bxe4 43. Qe3 Qxe3 44. fxe3 f2 45. d7 Bd3 46. d8=Q f1=Q 47. Rxf1 Bxf1 48. Qg8+ Kf6 49. Qf8+ Kg6 50. Qxf1 h5 51. Qf7+ Kh6 52. Bc2 Kg5 53. Qg6# {[%emt 0:00:41] Weighted Error Value: White=0.33/Black=0.61  Loses game:     	---       	Black=3      Missed win:     	White=1     	---        Mistake:       	White=6     	Black=3      Inaccurate:     	White=1     	Black=2      OK:         	White=11    	Black=6      Best:        	---       	Black=1      Strong:       	White=1     	Black=1} 1-0

[Event "4NCL Div 2 2024-25"]
[Site "England"]
[Date "2025.01.25"]
[Round "3.7"]
[White "Cooper, David M"]
[Black "Zakarian, Dimitrios Levon"]
[Result "0-1"]
[Annotator "TA"]
[ECO "A18"]
[WhiteElo "1995"]
[BlackElo "1968"]
[PlyCount "80"]
[EventDate "2024.11.23"]
[EventType "team-tourn"]
[EventCountry "ENG"]
[SourceTitle "playchess.com"]
[Source "ChessBase"]
[SourceQuality "1"]
[TimeControl "40/6000+30:3000+30"]

1. c4 Nf6 2. Nc3 e6 3. e4 d5 4. e5 d4 5. exf6 dxc3 6. bxc3 Qxf6 7. d4 c5 8. Nf3 h6 9. Be2 Be7 10. O-O O-O 11. Be3 Rd8 {[%emt 0:02:18] White has an edge.} 12. Qc2 Nc6 13. Rfd1 b6 14. Rd2 (14. dxc5 $11 Bxc5 15. Rxd8+ Nxd8 16. Bxc5 bxc5 17. Qd3) 14... Ba6 (14... Bb7 {seems wilder.} 15. dxc5 Nb4 16. Qd1 Rxd2 17. Qxd2 Rd8) 15. Rad1 cxd4 16. cxd4 Bb4 17. Rd3 Rac8 18. d5 (18. a3 $11 Bf8 19. Qa4) 18... exd5 $17 19. Rxd5 Rxd5 20. Rxd5 {[%emt 0:04:19] [#]} Bf8 ({Black should play} 20... Na5 $1 $17 21. Qa4 Bxc4 22. Bxc4 Rxc4 23. Qe8+ Bf8) 21. Qe4 Nb4 22. Bd4 $2 {[%emt 0:05:13] [#]} (22. Rd4 $15) 22... Qg6 $2 (22... Qc6 $1 $19 23. Re5 (23. Ne5 $2 Qxd5 24. Qg4 Qd6 $19) 23... Qxe4 (23... Bxc4 $2 24. Qxc6 Rxc6 25. Bxc4 $19) 24. Rxe4 Bxc4 (24... Nxa2 $2 25. Bb2 $19) 25. Bxc4 Rxc4) 23. Qxg6 fxg6 24. Rd7 Bxc4 25. Bxc4+ Rxc4 26. g3 Nc6 ({Much weaker is} 26... Nxa2 $6 27. Rxa7 Nc3 28. Bxb6 $11) 27. Be3 {[%emt 0:01:14] Inhibits Rc1+.} Bc5 28. Bxc5 Rxc5 {[%emt 0:00:07][%mdl 4096] Endgame. KRN-KRN} ({Much worse is} 28... bxc5 29. Rc7 Nb4 30. Ne5 Rc1+ 31. Kg2 $11) 29. Rc7 $2 (29. Kg2 $17) 29... Nd4 $19 30. Rxc5 $2 (30. Rxa7 Nxf3+ 31. Kg2) 30... Nxf3+ {[%emt 0:00:05] KR-KN} ({Weaker is} 30... bxc5 31. Nxd4 cxd4 32. Kg2 $16) 31. Kg2 Ne1+ 32. Kf1 bxc5 33. Kxe1 {[%emt 0:00:08] KP-KP} Kf7 34. Kd2 Ke6 35. Kd3 Kd5 36. f3 g5 37. h3 c4+ 38. Kc3 Kc5 {[%emt 0:00:04] Black mates.} 39. a3 Kd5 40. a4 a5 {[%emt 0:00:15] Weighted Error Value: White=1.08/Black=0.17 (very precise) .  Loses game:     	White=2     	---        Missed win:     	---       	Black=1      Mistake:       	White=3     	Black=1      Inaccurate:     	White=2     	Black=1      OK:         	White=8     	Black=7      Best:        	White=1     	Black=3} 0-1

[Event "4NCL Div 2 2024-25"]
[Site "England"]
[Date "2025.01.25"]
[Round "3.8"]
[White "Udovenko, Daniel"]
[Black "Cundy, Mark A"]
[Result "1-0"]
[Annotator "TA"]
[ECO "A80"]
[WhiteElo "1941"]
[BlackElo "1914"]
[PlyCount "25"]
[EventDate "2024.11.23"]
[EventType "team-tourn"]
[EventCountry "ENG"]
[SourceTitle "playchess.com"]
[Source "ChessBase"]
[SourceQuality "1"]
[TimeControl "40/6000+30:3000+30"]

1. d4 f5 2. Bg5 g6 3. e3 Bg7 4. Nc3 Nf6 5. Bc4 c6 6. h4 {[%emt 0:01:18][%cal Oh4h5] A80: Dutch Defence: Unusual White second moves.} d5 7. Bb3 Be6 $146 (7... h6 8. Bf4 Be6 9. Nf3 Nbd7 10. Ne5 Nxe5 11. Bxe5 O-O 12. Ne2 Ng4 13. Bxg7 Kxg7 {0-1 Murzina,A (1698)-Lagashin,P (2148) Sochi Doroshkevich Amateur op 2017 (1)}) 8. Nf3 {[%emt 0:01:09] The position is equal.} Nbd7 9. Bf4 Bg8 10. Qe2 Qa5 11. Qd2 O-O-O (11... Qd8 $11) 12. O-O {[%emt 0:00:47][%cal Oc3d5] and Nxd5! should not be overlooked} Ng4 $2 {[%emt 0:03:26][%mdl 8192] [#]} (12... Re8 $11 {and Black is okay.}) 13. Nxd5 $1 {[%emt 0:00:39][%mdl 512] Weighted Error Value: White=0.13 (very precise) /Black=0.93  Loses game:     	---       	Black=1      Mistake:       	---       	Black=1      Inaccurate:     	White=1     	Black=1      OK:         	White=1     	Black=1      Brilliant:      	White=1     	---} 1-0

[Event "4NCL Div 2 2024-25"]
[Site "England"]
[Date "2025.01.25"]
[Round "3.9"]
[White "Macklin, Paul"]
[Black "Pein, Jonathan"]
[Result "1/2-1/2"]
[Annotator "TA"]
[ECO "C02"]
[WhiteElo "2308"]
[BlackElo "2249"]
[PlyCount "35"]
[EventDate "2024.11.23"]
[EventType "team-tourn"]
[EventCountry "ENG"]
[SourceTitle "playchess.com"]
[Source "ChessBase"]
[SourceQuality "1"]
[TimeControl "40/6000+30:3000+30"]

1. e4 e6 2. d4 d5 3. e5 c5 4. c3 Nc6 5. Nf3 Bd7 6. Be2 Rc8 7. O-O {[%emt 0:00:46] C02: French: Advance Variation.} h6 {[%emt 0:00:23] is cutting edge theory.} 8. Be3 Nge7 9. Nbd2 $146 (9. dxc5 $14 g5 10. c4) (9. dxc5 Nf5 10. Bd4 g5 11. Na3 a6 12. Nc2 Bg7 13. Bd3 Nfxd4 14. cxd4 O-O 15. Ne3 {0-1 Hardaway,B (2450)-Zierk,S (2487) Saint Louis Summer-B 2024 (6)}) 9... Nf5 $11 10. Kh1 cxd4 11. cxd4 Qb6 12. g4 {[%emt 0:09:59] [#]} Nxe3 (12... Nfxd4 $2 13. Nb3 $18) 13. fxe3 Be7 (13... Qxb2 {is interesting.} 14. Rb1 Qxa2 15. Rxb7 Nd8) 14. a3 a5 (14... Qxb2 $17 {[%cal Ob2c3] Threatens to win with ...Qc3!.} 15. Bd3 Na5 (15... Bxa3 16. Rb1 $17)) 15. Rb1 {[%emt 0:01:16] [#]} a4 $1 16. Bd3 Na5 17. Qe2 Bc6 18. h3 {[%emt 0:08:27] Weighted Error Value: White=0.18 (very precise) /Black=0.15 (very precise)   Mistake:       	White=1     	Black=1      Inaccurate:     	White=2     	Black=1      OK:         	White=3     	Black=8} 1/2-1/2